 Dungeon Crawl Stone Soup version 0.30.1-9-gdf580d7c3d (webtiles) character file.

Game seed: 6995701134572226657

166 leafyfresh the Covert (level 5, -4/47 HPs)
             Began as a Gnoll Delver on Oct 15, 2023.
             Slain by a scorpion (6 damage)
             ... on level 5 of the Dungeon.
             The game lasted 00:01:01 (434 turns).

leafyfresh the Covert (Gnoll Delver)                 Turns: 434, Time: 00:01:02

Health: -4/47      AC:  3    Str: 11    XL:     5   Next: 47%
Magic:  7/7        EV: 18    Int: 11    God:
Gold:   4          SH:  0    Dex: 14    Spells: 7/7 levels left

rFire   . . .        i - +2 hand axe (elec)
rCold   . . .        (no shield)
rNeg    . . .        b - +0 leather armour
rPois   .            (no helmet)
rElec   .            (no cloak)
rCorr   .            (no gloves)
SInv    .            (no boots)
Will    .....        (no amulet)
Stlth   ++++         h - +5 ring of evasion
HPRegen 0.27/turn    (no ring)
MPRegen 0.10/turn

%: no passive effects
@: lethally poisoned (-4 -> -7)
A: fangs 1, strong nose, distributed training
a: no special abilities


You were on level 5 of the Dungeon.
You visited 1 branch of the dungeon, and saw 1 of its levels.

You collected 4 gold pieces.

Inventory:

Hand Weapons
 a - a +0 short sword
 i - a +2 hand axe of electrocution (weapon)
Armour
 b - a +0 leather armour (worn)
Jewellery
 h - a +5 ring of evasion (left hand)
Wands
 g - a wand of digging (3)
Scrolls
 c - 2 scrolls of fog
 d - a scroll of magic mapping
 e - a scroll of fear (quivered)
 j - a scroll of brand weapon {unknown}
Potions
 f - a potion of haste


   Skills:
 + Level 6.7 Fighting
 + Level 4.8 Short Blades
 + Level 1.6 Long Blades
 + Level 1.6 Axes
 + Level 1.6 Maces & Flails
 + Level 1.6 Polearms
 + Level 1.6 Staves
 + Level 1.6 Ranged Weapons
 + Level 1.6 Throwing
 + Level 1.6 Armour
 + Level 4.8 Dodging
 + Level 9.7 Stealth
 + Level 1.6 Shields
 + Level 1.6 Unarmed Combat
 + Level 1.6 Spellcasting
 + Level 1.2 Conjurations
 + Level 1.2 Hexes
 + Level 1.2 Summonings
 + Level 1.2 Necromancy
 + Level 1.2 Translocations
 + Level 1.2 Transmutations
 + Level 1.2 Fire Magic
 + Level 1.2 Ice Magic
 + Level 1.2 Air Magic
 + Level 1.2 Earth Magic
 + Level 1.2 Poison Magic
 + Level 1.8 Invocations
 + Level 1.6 Evocations


You had 7 spell levels left.
You didn't know any spells.
Your spell library was empty.

Dungeon Overview and Level Annotations

Branches:
Dungeon (5/15)
 Temple: D:4-7

Altars:
Gozag


Innate Abilities, Weirdness & Mutations

You have very sharp teeth.
Your uncanny sense of smell can sniff out nearby items.
Your experience applies equally to all skills.


Message History

You are more poisoned.
The scorpion poisons you! The orc priest completely misses you.
You hit the orc priest.
The orc priest is severely wounded.
You hit the scorpion but do no damage.
You feel very sick. The scorpion misses you.
The orc priest mumbles some strange prayers to Beogh against you.
Pain shoots through your body! The scorpion closely misses you.
You barely miss the orc priest.
The orc priest is severely wounded.
You hit the scorpion.
You feel very sick.
The scorpion stings you but does no damage.
The orc priest barely misses you.
Unknown command.
You are too injured to fight recklessly!
Unknown command.
Unknown command.
You closely miss the orc priest.
The orc priest is severely wounded.
You hit the scorpion.
You feel sick. The scorpion barely misses you. The orc priest misses you.
The scorpion closely misses you.
Unknown command.
You closely miss the orc priest. Your bite misses the orc priest.
The orc priest is severely wounded.
You hit the scorpion.
You feel sick.
The orc priest mumbles some strange prayers to Beogh against you.
Beogh smites you!
* * * LOW HITPOINT WARNING * * *
The scorpion stings you but does no damage.
Okay, then.
Unknown command.
You hit the orc priest.
Lightning courses through the orc priest!
You kill the orc priest!
You barely miss the scorpion.
* * * LOW HITPOINT WARNING * * *
You feel sick. The scorpion stings you.
You die...

#.....#.................<+
##..†###...###..######...#
##...###...###..### ...#
#.................. ....
#..................
#..................
#..#######..###### #..
#..##.###.# #..
∆#..@).....+ #..
#..s).....# #. #...$.....#
#+##..##..# ..# .# ... .
.... .....


You could see a scorpion.

Vanquished Creatures
  3 orc priests (D:5)
  A hound (D:5)
  An orc wizard (D:5)
  3 adders (D:5)
  10 orcs (D:5)
18 creatures vanquished.

Notes
Turn   | Place    | Note
-------+----------+-------------------------------------------
     0 | D:5      | Reached skill level 9 in Stealth
     0 | D:5      | leafyfresh the Gnoll Delver began the quest for the Orb.
     0 | D:5      | Reached XP level 1. HP: 23/23 MP: 1/1
    19 | D:5      | Noticed a hound
    22 | D:5      | Killed a hound
    23 | D:5      | Reached XP level 2. HP: 29/29 MP: 1/3
    23 | D:5      | Reached XP level 3. HP: 35/35 MP: 1/4
    28 | D:5      | Reached skill level 1 in Invocations
    81 | D:5      | Reached skill level 1 in Long Blades
    81 | D:5      | Reached skill level 1 in Axes
    81 | D:5      | Reached skill level 1 in Maces & Flails
    81 | D:5      | Reached skill level 1 in Polearms
    81 | D:5      | Reached skill level 1 in Staves
    81 | D:5      | Reached skill level 1 in Ranged Weapons
    81 | D:5      | Reached skill level 1 in Throwing
    81 | D:5      | Reached skill level 1 in Armour
    81 | D:5      | Reached skill level 1 in Shields
    81 | D:5      | Reached skill level 1 in Unarmed Combat
    81 | D:5      | Reached skill level 1 in Spellcasting
    81 | D:5      | Reached skill level 1 in Evocations
   230 | D:5      | Found an opulent altar of Gozag.
   237 | D:5      | Reached XP level 4. HP: 41/41 MP: 5/5
   293 | D:5      | Reached skill level 1 in Conjurations
   293 | D:5      | Reached skill level 1 in Hexes
   293 | D:5      | Reached skill level 1 in Summonings
   293 | D:5      | Reached skill level 1 in Necromancy
   293 | D:5      | Reached skill level 1 in Translocations
   293 | D:5      | Reached skill level 1 in Transmutations
   293 | D:5      | Reached skill level 1 in Fire Magic
   293 | D:5      | Reached skill level 1 in Ice Magic
   293 | D:5      | Reached skill level 1 in Air Magic
   293 | D:5      | Reached skill level 1 in Earth Magic
   293 | D:5      | Reached skill level 1 in Poison Magic
   296 | D:5      | Reached XP level 5. HP: 23/47 MP: 5/7
   434 | D:5      | HP: 2/47 [poisoned by a scorpion]
   434 | D:5      | Slain by a scorpion

Illustrated notes

Levels and vault maps discovered:
D:5:      layout_gridville, tgw_kikubaaqudgha, mainiacjoe_overflow_catwalk,
          st_stairs_13, uniq_prince_ribbit1

Skill      XL: |  1  2  3  4 |
---------------+-------------+-----
Stealth        | |  9.7
Invocations    | 1 |  1.8
Long Blades    | 1 |  1.6
Axes           | 1 |  1.6
Maces & Flails | 1 |  1.6
Polearms       | 1 |  1.6
Staves         | 1 |  1.6
Ranged Weapons | 1 |  1.6
Throwing       | 1 |  1.6
Armour         | 1 |  1.6
Shields        | 1 |  1.6
Unarmed Combat | 1 |  1.6
Spellcasting   | 1 |  1.6
Evocations     | 1 |  1.6
Conjurations   | 1 |  1.2
Hexes          | 1 |  1.2
Summonings     | 1 |  1.2
Necromancy     | 1 |  1.2
Translocations | 1 |  1.2
Transmutations | 1 |  1.2
Fire Magic     | 1 |  1.2
Ice Magic      | 1 |  1.2
Air Magic      | 1 |  1.2
Earth Magic    | 1 |  1.2
Poison Magic   | 1 |  1.2
Fighting       | |  6.7
Short Blades   | |  4.8
Dodging        | |  4.8

Action                     |  1- 3 |  4- 6 || total
---------------------------+-------+-------++-------
  Melee: Short sword       |    19 |       ||    19
         Bite              |     2 |     1 ||     3
         Hand axe          |     1 |    23 ||    24
         Punch             |     1 |       ||     1
   Stab: Sleeping          |     3 |       ||     3
 Armour: Leather armour    |     1 |     6 ||     7
  Dodge: Dodged            |    13 |    24 ||    37
